 Dungeon Crawl Stone Soup version 0.19-a0-1714-gcab94ab (webtiles) character file.

5653 ololoev the Basher (level 11, -30/69 HPs)
             Began as a Kobold Berserker on Sept 28, 2016.
             Was a Priest of Trog.
             Annihilated by an enormous slime creature (79 damage)
             ... on level 9 of the Dungeon.
             The game lasted 00:21:13 (9211 turns).

ololoev the Basher (Kobold Berserker)               Turns: 9211, Time: 00:21:40

Health: -30/69     AC: 17    Str: 18    XL:     11   Next: 4%
Magic:  11/11      EV: 12    Int:  8    God:    Trog [***...]
Gold:   401        SH:  0    Dex: 15    Spells: 0 memorised, 10 levels left

rFire  . . .     SeeInvis .     a - +0 flail
rCold  . . .     Gourm    .     u - +0 plate armour
rNeg   . . .     Faith    .     (shield restricted)
rPois  .         Spirit   .     A - +0 helmet
rElec  .         Dismiss  .     I - +0 cloak
rCorr  .         Reflect  .     g - +0 pair of gloves
MR     +....     Harm     .     (no boots)
Stlth  ..........               (no amulet)
                                (no ring)
                                D - ring of protection from magic

@: lethally poisoned (-30 -> -31)
A: carnivore 3
a: Berserk, Trog's Hand, Burn Spellbooks, Renounce Religion


Innate Abilities, Weirdness & Mutations

You are small and have problems with some larger weapons.
You are carnivorous and can eat meat at any time.

Inventory:

Hand Weapons
 a - a +0 flail (weapon)
Armour
 g - a +0 pair of gloves (worn)
 u - a +0 plate armour (worn)
 A - a +0 helmet (worn)
 I - a +0 cloak (worn)
Jewellery
 D - a ring of protection from magic (left hand)
Scrolls
 h - 4 scrolls of identify {unknown}
 j - 5 scrolls of remove curse {unknown}
 l - a scroll of fog {unknown}
 m - 2 scrolls of recharging {unknown}
 o - 3 scrolls of teleportation {unknown}
 q - a scroll of noise {unknown}
 w - a scroll of random uselessness {unknown}
 x - a scroll of fear {unknown}
 y - a scroll of amnesia {unknown}
 H - a scroll of vulnerability {unknown}
Potions
 b - a potion of heal wounds {unknown}
 d - a potion of mutation {unknown}
 e - 2 potions of cure mutation {unknown}
 f - a potion of degeneration {unknown}
 i - a potion of invisibility {unknown}
 k - 3 potions of haste
 n - a potion of lignification {unknown}
 p - a potion of brilliance {unknown}
 s - 2 potions of magic {unknown}
 t - a potion of might {unknown}
 v - 2 potions of agility
 z - 2 potions of ambrosia {unknown}
Comestibles
 c - 4 meat rations
 r - 3 beef jerkies
 B - 7 slices of pizza
 C - 2 royal jellies
 E - a chunk of flesh


   Skills:
 + Level 8.3 Fighting
 * Level 9.6 Maces & Flails
 + Level 6.0 Armour
 + Level 8.9 Dodging


You had 10 spell levels left.
You didn't know any spells.


You were on level 9 of the Dungeon.
You worshipped Trog.
Trog was most pleased with you.
You were completely stuffed.

You visited 1 branch of the dungeon, and saw 9 of its levels.

You collected 401 gold pieces.

..... .#....#.. ...#
........?.. ###
........... ....#.... #.
####........ .#.#####
..#...#.....# ........
..'...Jh#...# #.......
#...#@#..# #.#.#...
#.##JJ...# #.......
..#.......# ##.......
.⌠....†..## ##........
#.#.....######.......<.
#......................#
#............####.....##
............# ##.....##
.############ #.......#

Notes
Turn   | Place    | Note
-------+----------+-------------------------------------------
     0 | D:1      | ololoev the Kobold Berserker began the quest for the Orb.
     0 | D:1      | Reached XP level 1. HP: 14/14 MP: 1/1
    61 | D:1      | Reached XP level 2. HP: 15/19 MP: 2/2
    71 | D:1      | jacquesderrida: laliev
    71 | D:1      | jacquesderrida: А чего не мечи......
    71 | D:1      | ololoev: о
    71 | D:1      | ololoev: для кобольдов демон однорочный
    71 | D:1      | ololoev: хз тогда
    71 | D:1      | ololoev: да пофиг
   268 | D:1      | Reached skill level 3 in Maces & Flails
   271 | D:1      | Reached XP level 3. HP: 23/23 MP: 3/3
   339 | D:1      | Reached ** piety under Trog
   849 | D:1      | jacquesderrida: zmei
   859 | D:1      | Reached XP level 4. HP: 19/28 MP: 4/4
  1066 | D:2      | Found an iron altar of Okawaru.
  1114 | D:2      | Found a hide-covered altar of Uskayaw.
  1237 | D:2      | Found a stormy altar of Qazlal.
  1324 | D:2      | Reached XP level 5. HP: 13/33 MP: 5/5
  2122 | D:3      | Reached skill level 4 in Maces & Flails
  2747 | D:4      | Noticed an ogre
  2751 | D:4      | Noticed an ogre
  2781 | D:3      | Reached XP level 6. HP: 24/38 MP: 6/6
  2984 | D:4      | Killed an ogre
  3115 | D:4      | Noticed Blork the orc
  3124 | D:4      | Killed an ogre
  3124 | D:4      | Reached skill level 5 in Maces & Flails
  3124 | D:4      | Reached XP level 7. HP: 42/44 MP: 7/7
  3136 | D:4      | Killed Blork the orc
  3203 | D:4      | Iwannabefree: ??berserk
  3273 | D:4      | beem: berserk[1/10]: Grants {might}, {haste} and 50% extra HP. lasts 100-195 auts, as long as you're attacking monsters. This duration increases on kills if wearing the {necklace of bloodlust} or worshipping {Trog}.
  3320 | D:4      | Reached skill level 5 in Fighting
  3366 | D:4      | Iwannabefree: ??might
  3368 | D:4      | beem: might[1/1]: +1d10 melee damage and 5 Strength. Monsters under this effect are "unusually strong" and deal 50% more damage.
  3421 | D:4      | Iwannabefree: ??trog
  3427 | D:4      | beem: trog[1/9]: God of anger and violence. Expects followers to kill constantly in his name; hates magic and all who practice it.
  3479 | D:4      | Reached skill level 5 in Dodging
  3777 | D:4      | Found a burning altar of Makhleb.
  3777 | D:4      | Noticed a blizzard demon
  3809 | D:4      | Found a staircase to the Ecumenical Temple.
  3823 | D:4      | Reached XP level 8. HP: 49/49 MP: 8/8
  3825 | D:4      | Iwannabefree: ??agility
  3826 | D:4      | beem: agility[1/1]: Provides temporary Dex, EV, and stealth bonuses. 5 ev for monsters.
  4027 | D:4      | Noticed a hellwing
  4027 | D:4      | Noticed a ynoxinul
  4058 | D:5      | Entered Level 5 of the Dungeon
  4353 | D:5      | Reached skill level 6 in Maces & Flails
  4585 | D:5      | Found a hazy altar of Hepliaklqana.
  4585 | D:5      | Found a white marble altar of Elyvilon.
  4713 | D:5      | Reached *** piety under Trog
  4961 | D:6      | Noticed Menkaure
  4974 | D:6      | Killed Menkaure
  5085 | D:6      | Reached XP level 9. HP: 55/55 MP: 9/9
  5141 | D:6      | Found a glowing silver altar of Zin.
  5213 | D:6      | Noticed Grinder
  5255 | D:6      | Killed Grinder
  5255 | D:6      | Reached skill level 7 in Maces & Flails
  6047 | D:7      | Reached skill level 8 in Maces & Flails
  6119 | D:7      | Reached XP level 10. HP: 63/63 MP: 10/10
  6123 | D:7      | Reached skill level 5 in Armour
  6488 | D:7      | Found a glowing silver altar of Zin.
  6488 | D:7      | Noticed an angel
  7445 | D:8      | Reached skill level 9 in Maces & Flails
  7517 | D:8      | Noticed a moth of wrath
  7519 | D:8      | Found a bloodstained altar of Trog.
  7676 | D:8      | Noticed anele's ghost (novice MiFi)
  7676 | D:8      | ololoev: да иди ты нафиг
  7694 | D:8      | Noticed Prince Ribbit
  7713 | D:8      | Killed Prince Ribbit
  7857 | D:8      | Found Ifuleirph's Book Boutique.
  7876 | D:8      | Noticed Maurice
  7915 | D:8      | jacquesderrida: Maurice'd
  7928 | D:8      | jacquesderrida: Teleportnool
  7989 | D:8      | Killed Maurice
  7994 | D:8      | jacquesderrida: Твою банку-ускорялку выпил..........
  8029 | D:8      | Noticed Pikel
  8043 | D:8      | Killed Pikel
  8498 | D:9      | Noticed mrath's ghost (novice MiFi)
  8695 | D:9      | Reached XP level 11. HP: 68/68 MP: 11/11
  9211 | D:9      | Annihilated by an enormous slime creature

Dungeon Overview and Level Annotations

Branches:
Dungeon (9/15)             Temple (0/1) D:4
   Lair: D:8-11         Orc: D:9-12

Altars:
Elyvilon
Hepliaklqana
Makhleb
Okawaru
Qazlal
Trog
Uskayaw
Zin

Shops:
D:8 :

Annotations:
D:8 anele's ghost, novice MiFi
D:9 mrath's ghost, novice MiFi


Message History

There are monsters nearby!
There are monsters nearby!
There are monsters nearby!
There are monsters nearby!
The jackal barks!
A slime creature comes into view. 2 jackals come into view.
You feel sick.
The jackal barks!
The jackal moves out of view.
Found a scroll labeled WEW JEUMEK.
You sock the jackal!
You kill the jackal!
Trog accepts your kill.
You thump the jackal!
You kill the jackal!
Trog accepts your kill.
You feel sick.
A slime creature comes into view.
The slime creature quivers. 2 slime creatures come into view.
You see here a jackal corpse.
The slime creature quivers. x2
You sock the jackal!
You kill the jackal!
Trog accepts your kill.
You hit the slime creature but do no damage.
You feel sick.
The jackal bites you but does no damage.
The slime creature hits you but does no damage.
The jackal closely misses you.
Two slime creatures merge to form a large slime creature.
You hit the slime creature.
The slime creature is lightly wounded.
The jackal closely misses you.
The slime creature hits you. 2 slime creatures come into view.
The slime creature quivers.
You hit the slime creature.
The slime creature is lightly wounded.
The jackal barely misses you.
Two slime creatures merge to form a very large slime creature.
A slime creature suddenly becomes a large slime creature.
You hit the large slime creature.
The large slime creature is lightly wounded.
The jackal barely misses you. The jackal closely misses you.
Two slime creatures merge to form an enormous slime creature.
You sock the large slime creature!
The large slime creature is lightly wounded.
You feel sick. The jackal barely misses you.
A large slime creature splits.
You sock the slime creature!
The slime creature is moderately wounded.
The jackal barely misses you.
You hit the slime creature but do no damage.
The slime creature is moderately wounded.
The slime creature closely misses you.
The slime creature hits you but does no damage.
The jackal closely misses you.
You sock the slime creature!
The slime creature is heavily wounded.
The jackal closely misses you. The slime creature barely misses you.
The slime creature misses you.
The jackal bites you but does no damage.
You thump the slime creature!
The slime creature is heavily wounded.
You feel sick. The slime creature closely misses you.
The slime creature hits you but does no damage.
The enormous slime creature hits you. The jackal barely misses you.
You sock the slime creature!
The slime creature is severely wounded.
The slime creature hits you but does no damage.
The jackal bites you but does no damage.
The slime creature hits you but does no damage.
The enormous slime creature misses you.
You hit the slime creature.
The slime creature is severely wounded.
The jackal closely misses you. The slime creature misses you.
The slime creature hits you!
The enormous slime creature hits you!!!!
Ouch! That really hurt!
You die...

You could see an enormous slime creature, 2 slime creatures and a jackal.

Vanquished Creatures
  Pikel (D:8)
  Maurice (D:8)
  Prince Ribbit (D:8)
  Grinder (D:6)
  4 hogs (D:7)
  Menkaure (D:6)
  A human (D:7)
  2 water moccasins
  2 ice beasts (D:6)
  2 orc warriors
  A phantom (D:7)
  5 ogres
  A necrophage (D:7)
  3 centaurs
  3 bullfrogs
  Blork the orc (D:4)
  4 scorpions
  6 killer bees (D:8)
  8 wights
  3 howler monkeys
  2 crimson imps (D:7)
  2 centaur zombies
  A bullfrog zombie (D:5)
  3 hounds
  5 orc priests
  2 iguanas
  8 worker ants
  4 orc wizards
  2 hound zombies
  A hound skeleton (D:5)
  2 worker ant zombies
  5 gnolls
  A howler monkey skeleton (D:4)
  11 adders
  A shadow imp (D:5)
  An adder zombie (D:7)
  2 adder skeletons
  2 worms
  A dart slug (D:1)
  4 leopard geckos
  27 orcs
  5 giant cockroaches
  6 goblins
  5 hobgoblins
  22 jackals
  2 quokkas
  4 bats
  7 frilled lizards
  A jackal skeleton (D:5)
  9 kobolds
  A quokka skeleton (D:8)
  7 rats
207 creatures vanquished.

Vanquished Creatures (others)
  A slave (D:8)
  A bullfrog (D:8)
  A worker ant (D:8)
  A hound skeleton (D:8)
  A rat (D:1)
5 creatures vanquished.

Grand Total: 212 creatures vanquished

Action                   |  1- 3 |  4- 6 |  7- 9 | 10-12 || total
-------------------------+-------+-------+-------+-------++-------
Melee: Mace              |    95 |   135 |       |       ||   230
       Flail             |       |     2 |   439 |   359 ||   800
Invok: Berserk           |     4 |     7 |    12 |     8 ||    31
       Trog's Hand       |     3 |       |    10 |     7 ||    20
Evoke: Wand              |       |       |       |     8 ||     8
  Use: Potion            |     1 |       |     1 |     2 ||     4
 Stab: Sleeping          |     1 |       |       |       ||     1
  Eat: Chunk             |     9 |    13 |    31 |    23 ||    76
Armor: Animal skin       |    34 |    11 |       |       ||    45
       Plate armour      |       |    48 |   310 |   164 ||   522
       Scale mail        |       |     3 |       |       ||     3
Dodge: Dodged            |   116 |   119 |   255 |   236 ||   726

Vault maps used:
D:1:      dpeg_arrival_rooms_a, lemuel_old_faithful
D:2:      okawaru_gym_becter, overflow_temple_1_default, grunt_qazlal_sundering
D:3:      first_bread, kennysheep_generic_room_7
D:4:      makhleb_altar_promises_db, uniq_blork_the_orc
D:5:      gammafunk_temple_overflow_wave
D:6:      basic_altar, grunt_ministairs_13, uniq_menkaure, uniq_grinder
D:7:      zin_angel, grunt_livestock
D:8:      tgw_trog, marbit_many_paths, serial_shops,
          nicolae_shop_competitors_out_of_business, uniq_prince_ribbit1,
          uniq_maurice, uniq_pikel
D:9:      evilmike_ruin_ashenzari, grunt_decor_arrowhead,
          kennysheep_generic_room_6
